 Dungeon Crawl Stone Soup version 0.23-a0-473-gc8aadda88e (webtiles) character file.

77267 Hxbwjdbjkwsadvkkvk the Unseen (level 15, -5/77 HPs)
             Began as a Spriggan Enchanter on Nov 28, 2018.
             Was the Champion of Dithmenos.
             Killed by divine providence
             ... invoked by an orc high priest
              (15 damage)
             ... on level 2 of the Orcish Mines.
             The game lasted 01:03:38 (26471 turns).

Hxbwjdbjkwsadvkkvk the Unseen (Spriggan Enchanter) Turns: 26471, Time: 01:03:39

Health: -5/77      AC:  8    Str:  8    XL:     15   Next: 14%
Magic:  13/29      EV: 48    Int: 19    God:    Dithmenos [******]
Gold:   2709       SH:  0    Dex: 17    Spells: 15/39 levels left

rFire    + . .     SeeInvis +   n - +3 rapier (elec)
rCold    + . .     Gourm    .   (shield restricted)
rNeg     . . .     Faith    .   w - +2 robe {MR+}
rPois    .         Spirit   .   K - +2 hat {SInv}
rElec    .         Reflect  .   f - +2 cloak
rCorr    .         Harm     .   (gloves unavailable)
MR       +++..     Clarity  +   (boots unavailable)
Stlth    ++++++++++             M - amulet of the acrobat
HPRegen  0.22/turn              l - +5 ring of slaying
MPRegen  0.21/turn              m - +4 ring of evasion

@: about to teleport, very slightly contaminated, wreathed by umbra, invisible,
very quick
A: very small, unfitting armour, claws 1, see invisible, clarity, cold
resistance 1, deformed body, fire resistance 1, herbivore, speed 3, low mp 1,
screaming 1, slow metabolism 2
a: Shadow Step, Shadow Form, Renounce Religion


You were on level 2 of the Orcish Mines.
You worshipped Dithmenos.
Dithmenos was exalted by your worship.
You were not hungry.

You visited 4 branches of the dungeon, and saw 23 of its levels.

You collected 3359 gold pieces.
You spent 650 gold pieces at shops.

Inventory:

Hand Weapons
 n - a +3 rapier of electrocution (weapon)
Missiles
 t - 3 throwing nets (quivered)
Armour
 f - a +2 cloak (worn)
 w - a +2 robe of magic resistance (worn)
 F - a +2 robe of fire resistance
 K - a +2 hat of see invisible (worn)
Jewellery
 l - a +5 ring of slaying (left claw)
 m - a +4 ring of evasion (right claw)
 y - an uncursed amulet of regeneration
 G - an uncursed ring of protection from magic
 M - an amulet of the acrobat (around neck)
 P - an uncursed ring of protection from fire
Wands
 a - a wand of random effects (34)
 b - a wand of enslavement (7)
 e - a wand of disintegration (10)
 o - a wand of acid (17)
 r - a wand of paralysis (13)
 v - a wand of scattershot (5)
 x - a wand of iceblast (11)
 C - a wand of polymorph (12)
 D - a wand of flame (79)
 I - a wand of digging (3)
Scrolls
 h - 8 scrolls of fear
 j - 2 scrolls of fog
 k - 10 scrolls of remove curse
 s - 5 scrolls of teleportation
 u - 7 scrolls of amnesia
 B - 2 scrolls of magic mapping
 J - 4 scrolls of blinking
 L - 2 scrolls of vulnerability
Potions
 c - 8 potions of curing
 g - 2 potions of brilliance
 i - 2 potions of invisibility
 p - 4 potions of resistance
 q - 4 potions of lignification
 A - 2 potions of agility
 H - a potion of flight
 O - a potion of berserk rage
Miscellaneous
 z - 2 boxes of beasts
 E - a lamp of fire
Comestibles
 d - 22 rations


   Skills:
 + Level 8.1 Fighting
 + Level 10.6 Short Blades
 + Level 13.5 Dodging
 + Level 19.6 Stealth
 + Level 12.5 Spellcasting
 * Level 15.9 Hexes


You had 15 spell levels left.
You knew the following spells:

 Your Spells              Type           Power        Failure   Level  Hunger
a - Ensorcelled Hibernat  Hex/Ice        #####.       1%          2    None
b - Corona                Hex            ######.      0%          1    None
c - Confuse               Hex            ######..     1%          3    None
d - Tukima's Dance        Hex            ######..     1%          3    None
e - Dazzling Spray        Conj/Hex       #####.       1%          3    None
f - Apportation           Tloc           ##....       6%          1    None
g - Summon Mana Viper     Hex/Summ       #####...     6%          5    ####...
h - Invisibility          Hex            ######..     1%          6    ######.

Your spell library contained the following spells:

 Spells                   Type           Power        Failure   Level  Hunger
 Confusing Touch          Hex            ######       0%          1    None
 Slow                     Hex            ######..     0%          2    None
 Inner Flame              Hex/Fire       #####...     1%          3    None
 Animate Skeleton         Necr           N/A          6%          1    None
 Flame Tongue             Conj/Fire      ##...        6%          1    None
 Magic Dart               Conj           ##..         6%          1    None
 Sting                    Conj/Pois      ##..         6%          1    None
 Summon Butterflies       Summ           ##......     6%          1    None
 Summon Small Mammal      Summ           ##..         6%          1    None
 Metabolic Englaciation   Hex/Ice        #####.....   6%          5    ####...
 Yara's Violent Unravell  Hex/Tmut       #####.....   6%          5    ####...
 Blink                    Tloc           N/A          9%          2    None
 Call Imp                 Summ           ##......     9%          2    None
 Poisonous Vapours        Pois/Air       ##....       9%          2    None
 Throw Flame              Conj/Fire      ##....       9%          2    None
 Conjure Flame            Conj/Fire      ##......     17%         3    None
 Gell's Gravitas          Tloc           ##........   17%         3    None
 Lesser Beckoning         Tloc           ##........   17%         3    None
 Mephitic Cloud           Conj/Pois/Air  ##......     17%         3    None
 Recall                   Summ/Tloc      N/A          17%         3    None
 Olgreb's Toxic Radiance  Pois           ##......     50%         4    #......
 Petrify                  Tmut/Erth      ##......     50%         4    #......
 Sticky Flame             Conj/Fire      ##......     50%         4    #......
 Alistair's Intoxication  Tmut/Pois      ##......     85%         5    ####...
 Aura of Abjuration       Summ           ##........   85%         5    ####...
 Fireball                 Conj/Fire      ##........   85%         5    ####...
 Summon Demon             Summ           ##........   85%         5    ####...
 Summon Forest            Summ/Tloc      ##........   85%         5    ####...
 Venom Bolt               Conj/Pois      ##........   85%         5    ####...
 Shadow Creatures         Summ           N/A          100%        6    ######.


Dungeon Overview and Level Annotations

Branches:
Dungeon (14/15)            Temple (1/1) D:7            Lair (6/6) D:10
  Swamp (0/4) Lair:3        Snake (0/4) Lair:3        Slime (0/5) Lair:5
    Orc (2/2) D:10            Elf (0/3) Orc:2        Vaults (0/5) D:13

Altars:
Ashenzari
Cheibriados
Dithmenos
Elyvilon
Fedhas
Gozag
Hepliaklqana
Kikubaaqudgha
Makhleb
Nemelex Xobeh
Okawaru
Qazlal
Ru
Sif Muna
Trog
Uskayaw
Vehumet
Wu Jian
Xom
Yredelemnul
Zin
The Shining One
Beogh

Shops:
D:3 *   D:4 }   D:7 %(:(   D:11 %

Portals:
Trove: D:12 (give mace of Desperation)


Innate Abilities, Weirdness & Mutations

You are very small and have problems with some larger weapons.
You are too small for most types of armour.
You have supernaturally acute eyesight. (SInv)
You are a herbivore.
You cover ground extremely quickly.
You need to consume almost no food.
You have sharp fingernails.
You possess an exceptional clarity of mind.
Your flesh is cold resistant. (rC+)
Armour fits poorly on your strangely shaped body.
Your flesh is heat resistant. (rF+)
Your magical capacity is low. (-10% MP)
You occasionally shout uncontrollably at your foes.


Message History

a +0 long sword; a +0 plate armour; a +0 battleaxe; a +0 chain mail an orc corpse
As you read the scroll of teleportation, it crumbles to dust.
You feel strangely unstable.
The soul eater draws from the surrounding life force!
The orc high priest misses you.
The orc high priest completely misses you.
The orc sorcerer completely misses you.
The soul eater draws from the surrounding life force!
The orc high priest prays to Beogh.
The orange demon stings you from afar.
* * * LOW HITPOINT WARNING * * *
Things that are here:
a +0 battleaxe; a +0 chain mail; an orc skeleton Unknown command.
The soul eater draws from the surrounding life force!
* * * LOW HITPOINT WARNING * * *
The orc high priest mumbles some strange prayers to Beogh against you.
Beogh smites you!
You die...

##...............#
##...............#
#...............# ..÷...#
#...............#
#..÷.....#
#..........))...#
÷..§....#
#..........)....#
........#
##........))))..##
÷÷.÷÷.÷# #........).#))..#
34o...#
#..........##@..####§o4.#
#............#...o##§§3§.#
##.........(.##..343oo§###
#.............##...§§o##
#..............##§.§###
##..............#####
#..................#
#...........#....##
##................##


You could see a soul eater, an orc high priest, a sun demon, an orange demon
(wandering) and an orc sorcerer.

Vanquished Creatures
  Frances (D:13)
  Kirke (D:13)
  An orc warlord (D:10)
  Azrael (D:13)
  Josephine (D:13)
  The ghost of Scypier the Quickloader, a journeyman CeHu of Zin (Lair:1)
  A rakshasa (D:13)
  3 vault guards (D:13)
  4 hydras
  3 catoblepae
  Erica (Lair:2)
  3 two-headed ogres
  2 orc high priests
  A tengu warrior (D:14)
  4 death yaks (Lair:6)
  Sonja (Orc:1)
  An unseen horror (D:14)
  A wizard (D:14)
  Pikel (D:6)
  4 orc knights
  A deep elf mage (D:13)
  4 orc sorcerers
  2 cyclopes
  An ugly thing (D:10)
  A manticore (D:11)
  8 elephants
  A black mamba (shapeshifter) (D:14)
  Joseph (D:8)
  A black mamba (Lair:6)
  A torpor snail (Lair:4)
  4 gargoyles
  5 rime drakes
  5 komodo dragons
  6 spiny frogs
  A kobold demonologist (D:11)
  3 meliai (D:13)
  8 trolls
  8 polar bears
  4 slime creatures (D:14)
  4 tyrant leeches (Lair:3)
  5 hornets (Lair:6)
  5 dream sheep
  5 blink frogs (Lair:6)
  18 hippogriffs
  12 spriggans (Lair:6)
  3 wraiths (D:13)
  11 wyverns
  35 yaks
  A fire elemental (D:13)
  A hog (D:13)
  7 basilisks
  3 hungry ghosts
  7 vampire mosquitoes
  3 nagas (Lair:3)
  5 wargs
  2 hell hounds (D:13)
  11 porcupines
  12 water moccasins
  31 orc warriors
  6 sky beasts
  A hornet zombie (D:11)
  9 ice beasts
  2 phantoms
  16 wolves
  11 ogres
  An eye of draining (D:11)
  4 boggarts (Lair:6)
  7 centaurs
  10 crocodiles
  3 big kobolds
  19 bullfrogs
  A gnoll sergeant (D:9)
  A scorpion (D:4)
  4 killer bees (D:10)
  16 wights
  3 howler monkeys
  7 crimson imps
  8 hounds
  8 jellies
  2 quasits (D:10)
  22 orc priests
  5 centaur zombies
  A gnoll shaman (D:8)
  23 orc wizards
  2 bullfrog skeletons (D:8)
  4 centaur skeletons
  6 iguanas
  7 worker ants
  4 hound skeletons
  A worker ant zombie (D:8)
  6 adders
  9 gnolls
  2 howler monkey skeletons
  3 shadow imps
  5 oozes (D:9)
  2 worms (D:2)
  3 dart slugs
  4 leopard geckos
  64 orcs
  2 giant cockroaches
  A goblin (D:2)
  2 hobgoblins
  6 jackals
  6 quokkas
  7 bats
  5 frilled lizards
  18 kobolds
  9 rats
  2 fungi (D:13)
652 creatures vanquished.

Vanquished Creatures (collateral kills)
  Gastronok (D:11)
  An orc priest (D:10)
  A gnoll (D:9)
3 creatures vanquished.

Vanquished Creatures (others)
  2 dancing weapons (D:9)
  A hog (D:13)
  5 humans (D:13)
  A hell hound (D:13)
  A quasit (D:7)
  An orc wizard (Orc:2)
  6 orcs
  14 fungi
  2 plants
  6 toadstools (D:13)
39 creatures vanquished.

Grand Total: 694 creatures vanquished

Notes
Turn   | Place    | Note
-------+----------+-------------------------------------------
     0 | D:1      | Hxbwjdbjkwsadvkkvk the Spriggan Enchanter began the quest
                  | for the Orb.
     0 | D:1      | Reached XP level 1. HP: 9/9 MP: 5/5
   778 | D:1      | Reached XP level 2. HP: 10/13 MP: 7/7
   782 | D:1      | Learned a level 2 spell: Ensorcelled Hibernation
  2509 | D:2      | Reached XP level 3. HP: 16/16 MP: 9/9
  2514 | D:2      | Learned a level 3 spell: Confuse
  2518 | D:2      | Learned a level 3 spell: Tukima's Dance
  3249 | D:3      | Reached XP level 4. HP: 5/21 MP: 1/11
  3506 | D:3      | Reached skill level 5 in Hexes
  3557 | D:3      | Gained mutation: You have large cloven feet. [potion of
                  | mutation]
  3557 | D:3      | Gained mutation: Your spells are a little easier to cast,
                  | but a little less powerful. [potion of mutation]
  3557 | D:3      | Gained mutation: You have a pair of small horns on your
                  | head. [potion of mutation]
  3563 | D:3      | Reached XP level 5. HP: 24/24 MP: 3/13
  3612 | D:3      | Reached skill level 5 in Spellcasting
  3911 | D:3      | Found a faded altar of an unknown god.
  3916 | D:3      | Learned a level 3 spell: Dazzling Spray
  4021 | D:3      | Found an opulent altar of Gozag.
  4021 | D:3      | Found Gozag's Platinum Reserve.
  4216 | D:4      | Reached skill level 5 in Stealth
  4216 | D:4      | Reached XP level 6. HP: 28/28 MP: 10/15
  4266 | D:4      | Lost mutation: Your spells are a little easier to cast, but
                  | a little less powerful. [potion of mutation]
  4266 | D:4      | Lost mutation: You have large cloven feet. [potion of
                  | mutation]
  4266 | D:4      | Gained mutation: Your spells are a little harder to cast,
                  | but a little more powerful. [potion of mutation]
  4266 | D:4      | Gained mutation: You occasionally shout uncontrollably at
                  | your foes. [potion of mutation]
  4266 | D:4      | Gained mutation: You have sharp toenails. [potion of
                  | mutation]
  4386 | D:4      | Reached skill level 6 in Stealth
  4541 | D:4      | Found Faim's Gadget Shoppe.
  4576 | D:5      | Entered Level 5 of the Dungeon
  4833 | D:5      | Noticed a sky beast
  4847 | D:5      | Killed a sky beast
  4847 | D:5      | Reached skill level 7 in Stealth
  5239 | D:5      | Reached skill level 8 in Stealth
  5239 | D:5      | Reached XP level 7. HP: 29/32 MP: 16/16
  5706 | D:6      | Reached skill level 9 in Stealth
  5740 | D:6      | Lost mutation: You have sharp toenails. [potion of
                  | mutation]
  5740 | D:6      | Lost mutation: Your spells are a little harder to cast, but
                  | a little more powerful. [potion of mutation]
  5740 | D:6      | Gained mutation: You are agile. (Dex +2) [potion of
                  | mutation]
  5740 | D:6      | Gained mutation: Armour fits poorly on your strangely
                  | shaped body. [potion of mutation]
  5740 | D:6      | Gained mutation: Your flesh is cold resistant. (rC+)
                  | [potion of mutation]
  5741 | D:6      | Lost mutation: You have a pair of small horns on your head.
                  | [potion of mutation]
  5741 | D:6      | Lost mutation: You occasionally shout uncontrollably at
                  | your foes. [potion of mutation]
  5741 | D:6      | Lost mutation: You are agile. (Dex +2) [potion of mutation]
  5741 | D:6      | Gained mutation: You have sharp fingernails. [potion of
                  | mutation]
  5741 | D:6      | Gained mutation: You possess an exceptional clarity of
                  | mind. [potion of mutation]
  5741 | D:6      | Gained mutation: Your flesh is heat resistant. (rF+)
                  | [potion of mutation]
  5853 | D:6      | Reached skill level 10 in Stealth
  5951 | D:6      | Reached skill level 11 in Stealth
  5964 | D:5      | Reached XP level 8. HP: 33/36 MP: 8/17
  6237 | D:6      | Noticed Pikel
  6248 | D:6      | Killed Pikel
  6248 | D:6      | Reached skill level 13 in Stealth
  6677 | D:7      | Reached skill level 14 in Stealth
  6980 | D:7      | Reached skill level 15 in Stealth
  7206 | D:7      | Found Vaj Jomm's Food Shoppe.
  7211 | D:7      | Reached XP level 9. HP: 39/39 MP: 11/18
  7356 | D:7      | Reached skill level 1 in Fighting
  7392 | D:7      | Learned a level 1 spell: Apportation
  7512 | D:7      | Found Puecen's Weapon Shop.
  7723 | D:7      | Found a staircase to the Ecumenical Temple.
  7735 | Temple   | Entered the Ecumenical Temple
  7900 | Temple   | Became a worshipper of Dithmenos the Shadowed
  8022 | D:7      | Found Onunwim's Book Shoppe.
  8208 | D:7      | Found Xousoin's Antique Weapon Shoppe.
  8476 | D:8      | Noticed Joseph
  8536 | D:8      | Killed Joseph
  8553 | D:8      | Reached skill level 5 in Dodging
  8967 | D:8      | Reached * piety under Dithmenos
  9477 | D:9      | Found an iron altar of Okawaru.
  9478 | D:9      | Reached XP level 10. HP: 47/47 MP: 17/21
  9963 | D:9      | Noticed a two-headed ogre
  9984 | D:9      | Killed a two-headed ogre
  9984 | D:9      | Reached skill level 16 in Stealth
 10962 | D:10     | Entered Level 10 of the Dungeon
 10963 | D:10     | Found a staircase to the Lair.
 10982 | D:10     | Reached ** piety under Dithmenos
 10997 | D:10     | Found a staircase to the Orcish Mines.
 11471 | D:10     | Reached skill level 5 in Short Blades
 11705 | D:10     | Noticed a gargoyle
 11706 | D:10     | Found a runed door.
 11758 | D:10     | Reached *** piety under Dithmenos
 11761 | D:10     | Killed a gargoyle
 11761 | D:10     | Reached XP level 11. HP: 47/53 MP: 20/24
 11897 | D:10     | Noticed a red ugly thing
 11909 | D:10     | Killed a red ugly thing
 12168 | D:7      | Bought a book of Party Tricks for 650 gold pieces
 12175 | D:7      | Learned a level 6 spell: Invisibility
 12381 | D:11     | Reached skill level 10 in Hexes
 12631 | D:11     | Noticed a five-headed hydra
 12725 | D:11     | Killed a five-headed hydra
 12776 | D:11     | Found Qanax's Food Shop.
 12872 | D:11     | Noticed a two-headed ogre
 12879 | D:11     | Killed a two-headed ogre
 13084 | D:11     | Noticed Gastronok
 13561 | D:12     | Found a portal to a secret trove of treasure.
 13593 | D:12     | Reached **** piety under Dithmenos
 13733 | D:12     | Reached skill level 17 in Stealth
 14004 | D:11     | Identified a scroll of acquirement
 14552 | D:13     | Reached skill level 5 in Fighting
 14591 | D:13     | Noticed Frances
 14597 | D:13     | Killed Frances
 14597 | D:13     | Reached XP level 12. HP: 41/60 MP: 18/26
 14704 | D:13     | Noticed a two-headed ogre
 14706 | D:13     | Noticed Kirke
 14717 | D:13     | Killed a two-headed ogre
 14735 | D:13     | Killed Kirke
 14735 | D:13     | Reached skill level 10 in Dodging
 14996 | D:13     | Noticed Azrael
 15015 | D:13     | Killed Azrael
 15026 | D:13     | Noticed Josephine
 15038 | D:13     | Killed Josephine
 15038 | D:13     | Reached skill level 10 in Spellcasting
 15059 | D:13     | Found a gate to the Vaults.
 15062 | D:13     | Noticed a vault guard
 15070 | D:13     | Noticed a vault guard
 15071 | D:13     | Noticed a vault guard
 15073 | D:13     | Noticed a vault guard
 15086 | D:13     | Noticed a rakshasa
 15494 | D:13     | Identified the cursed +1 great mace of Destiny {antimagic,
                  | Str+5}
 15512 | D:13     | Killed a vault guard
 15742 | D:13     | Killed a vault guard
 15762 | D:13     | Killed a vault guard
 16003 | D:13     | Killed a rakshasa
 16417 | D:14     | Noticed a tengu warrior
 16421 | D:14     | Killed a tengu warrior
 16421 | D:14     | Reached skill level 18 in Stealth
 16421 | D:14     | Reached XP level 13. HP: 65/65 MP: 28/28
 16737 | D:14     | Reached ***** piety under Dithmenos
 16897 | D:14     | Found a glowing golden altar of the Shining One.
 17114 | Lair:1   | Entered Level 1 of the Lair of Beasts
 17160 | Lair:1   | Found a runed door.
 17160 | Lair:1   | Noticed Scypier's ghost (journeyman CeHu)
 17895 | Lair:1   | Killed Scypier's ghost
 18260 | Lair:2   | Learned a level 5 spell: Summon Mana Viper
 18621 | Lair:2   | Noticed Erica
 18625 | Lair:2   | Killed Erica
 18976 | Lair:3   | Found a staircase to the Snake Pit.
 19649 | Lair:3   | Found a staircase to the Swamp.
 19912 | Lair:3   | Found a sacrificial altar of Ru.
 20372 | D:11     | Killed Gastronok
 20747 | Lair:4   | Gained mutation: Your magical capacity is low. (-10% MP)
                  | [mutagenic glow]
 20799 | Lair:3   | Gained mutation: You occasionally shout uncontrollably at
                  | your foes. [mutagenic glow]
 21038 | Lair:4   | Reached XP level 14. HP: 43/72 MP: 2/27
 21747 | Lair:5   | Found a staircase to the Slime Pits.
 22283 | Lair:6   | Entered Level 6 of the Lair of Beasts
 22328 | Lair:6   | Reached skill level 19 in Stealth
 22673 | Lair:6   | Reached skill level 15 in Hexes
 22929 | Lair:6   | Reached skill level 10 in Short Blades
 23394 | Lair:6   | Reached ****** piety under Dithmenos
 24570 | Orc:1    | Entered Level 1 of the Orcish Mines
 24570 | Orc:1    | Noticed an orc warlord
 24576 | Orc:1    | Noticed Sonja
 24605 | D:10     | Killed an orc warlord
 24638 | D:10     | HP: 2/72 [red devil/+4 demon trident[an orc high priest]
                  | (26)]
 25408 | Orc:1    | Killed Sonja
 25410 | Orc:1    | Reached XP level 15. HP: 58/77 MP: 24/29
 25820 | Orc:2    | Entered Level 2 of the Orcish Mines
 25842 | Orc:2    | Found a staircase to the Elven Halls.
 26023 | Orc:2    | Found a roughly hewn altar of Beogh.
 26471 | Orc:2    | Killed from afar by an orc high priest

Vault maps used:
D:1:      scummos_arrival_simple_fountains
D:2:      kennysheep_big_flooded_room, first_ration
D:3:      nicolae_gozag_zags_fifth_avenue, chequers_ecumenical_altar_twisty,
          cheibrodos_gnoll_hut
D:4:      serial_shops, kennysheep_mini_moat, minmay_misc_feat_diagonals
D:6:      uniq_pikel
D:7:      minmay_temple_entry_proselytizer, serial_shops, shop, shop,
          shop_statue, nicolae_shop_stone
D:8:      uniq_joseph
D:9:      hangedman_little_slice_of_home, okawaru_gym_becter
D:10:     lair_entry_dummy, david_orc_1_choice, minmay_st_funbox, minivault_5
D:11:     wander_river, serial_shops, shop, st_stairs_7, uniq_gastronok
D:12:     nicolae_trove_entry_crossroad
D:13:     lightli_vaults_fourway_checkpoint, minmay_gold_behind_fungi,
          uniq_josephine, uniq_kirke, uniq_azrael, uniq_frances
D:14:     serial_park_tiny_2, nicolae_tso_carved_into_rock
Temple:   kilobyte_greek_temple
Lair:1:   hellmonk_ghost_happy_afterlife, lemuel_fruit_fields,
          infiniplex_staircase_pool_2
Lair:2:   uniq_erica
Lair:3:   minmay_swamp_entry_worms, guppyfry_snake_entry_island, basic_altar,
          beast_lair_carwin_2, lemuel_fruit_fields, lemuel_fruit_tree
Lair:4:   special_room, grunt_megastairs_5, lemuel_fruit_fields
Lair:5:   dpeg_slime_entry_corner
Lair:6:   minmay_lair_end_enchanted_forest
Orc:1:    nicolae_orc_rich_vein, uniq_sonja
Orc:2:    grunt_orc_tribal_feast, basic_altar

Skill      XL: |  1  2  3  4  5  6  7  8  9 10 11 12 13 14 |
---------------+-------------------------------------------+-----
Spellcasting   | 3 4 5 7 8 9 10 11 12 | 12.5
Hexes          | 4 5 6 7 9 11 12 14 15 | 15.9
Stealth        | 5 8 11 15 16 17 18 19 | 19.6
Fighting       | 2 3 5 6 7 8 |  8.1
Short Blades   | 3 5 7 8 9 10 | 10.6
Dodging        | 5 7 9 10 12 13 | 13.5

Action                   |  1- 3 |  4- 6 |  7- 9 | 10-12 | 13-15 || total
-------------------------+-------+-------+-------+-------+-------++-------
Melee: Dagger            |   188 |    59 |   236 |   581 |    70 ||  1134
       Headbutt          |       |    11 |     2 |       |       ||    13
       Kick              |       |     9 |     3 |       |       ||    12
       Rapier            |       |       |       |       |   728 ||   728
 Cast: Corona            |     6 |       |       |       |       ||     6
       Ensorcelled Hiber |    24 |    15 |    27 |    42 |    65 ||   173
       Confuse           |     3 |     1 |    18 |    49 |     8 ||    79
       Dazzling Spray    |       |       |     7 |    27 |    32 ||    66
       Tukima's Dance    |       |       |       |     6 |       ||     6
       Invisibility      |       |       |       |     6 |    22 ||    28
       Summon Mana Viper |       |       |       |       |     2 ||     2
Invok: Shadow Step       |       |       |       |     2 |     2 ||     4
Evoke: Lamp of fire      |       |       |       |     1 |     2 ||     3
       Wand              |       |       |       |     1 |     3 ||     4
       Box of beasts     |       |       |       |       |     1 ||     1
  Use: Scroll            |     8 |     8 |     5 |    18 |    13 ||    52
       Potion            |       |     2 |     2 |     7 |     7 ||    18
 Stab: Sleeping          |    19 |    12 |    30 |    80 |    66 ||   207
       Distracted        |     1 |     1 |     1 |     1 |     2 ||     6
       Confused          |       |       |     9 |    31 |     7 ||    47
       Invisible         |       |       |       |    33 |   129 ||   162
       Petrified         |       |       |       |       |     1 ||     1
  Eat: Ration            |     3 |     1 |     3 |     8 |     9 ||    24
Armor: Robe              |    36 |     6 |    16 |    19 |    40 ||   117
Dodge: Dodged            |   164 |    40 |   237 |   555 |   972 ||  1968

Table legend:
 A = Non-vault XP
 B = Vault XP
 C = Vault XP percentage of total XP
 D = Non-vault monster count
 E = Vault monster count
 F = Vault count percentage of total count
                 A         B        C        D         E       F
            +---------+---------+-------+---------+---------+-------
      Total |   67947 |   42435 |  38.4 |     487 |     167 |  25.5
            +---------+---------+-------+---------+---------+-------
        D:1 |      22 |       0 |   0.0 |      15 |       0 |   0.0
        D:2 |      37 |       3 |   7.5 |      17 |       2 |  10.5
        D:3 |     190 |     100 |  34.5 |      21 |       3 |  12.5
        D:4 |     179 |       0 |   0.0 |       6 |       0 |   0.0
        D:5 |     274 |       0 |   0.0 |       7 |       0 |   0.0
        D:6 |     762 |     663 |  46.5 |      16 |       1 |   5.9
        D:7 |    1243 |      41 |   3.2 |      20 |       1 |   4.8
        D:8 |    1360 |     439 |  24.4 |      26 |       1 |   3.7
        D:9 |    2310 |     164 |   6.6 |      25 |       8 |  24.2
       D:10 |    6480 |    1396 |  17.7 |      46 |      18 |  28.1
       D:11 |    5505 |    1721 |  23.8 |      43 |       3 |   6.5
       D:12 |    1926 |       0 |   0.0 |      26 |       0 |   0.0
       D:13 |    4097 |   12405 |  75.2 |      19 |      21 |  52.5
       D:14 |    8124 |       0 |   0.0 |      25 |       0 |   0.0
     Lair:1 |    2229 |     998 |  30.9 |      13 |       1 |   7.1
     Lair:2 |    1413 |     907 |  39.1 |       8 |       1 |  11.1
     Lair:3 |    6311 |    2345 |  27.1 |      25 |      11 |  30.6
     Lair:4 |    3686 |    7456 |  66.9 |      18 |      26 |  59.1
     Lair:5 |    1838 |     236 |  11.4 |       8 |       2 |  20.0
     Lair:6 |   13161 |    8488 |  39.2 |      32 |      44 |  57.9
      Orc:1 |    5681 |     716 |  11.2 |      54 |       1 |   1.8
      Orc:2 |    1119 |    4357 |  79.6 |      17 |      23 |  57.5
            +---------+---------+-------+---------+---------+-------
